 Dungeon Crawl Stone Soup version 0.28-a0-724-g66f9036eb4 (webtiles) character file.

Game seed: 15242983728471913676

4 KoroneIsBestGirl the Ducker (level 1, -1/11 HPs)
             Began as a Spriggan Fighter on Oct 27, 2021.
             Slain by a quokka (5 damage)
             ... on level 1 of the Dungeon.
             The game lasted 00:00:12 (163 turns).

KoroneIsBestGirl the Ducker (Spriggan Fighter)       Turns: 163, Time: 00:00:13

Health: -1/11      AC:  2    Str: 12    XL:     1   Next: 58%
Magic:  2/2        EV: 17    Int:  9    God:
Gold:   0          SH:  6    Dex: 14    Spells: 0/0 levels left

rFire   . . .      SeeInvis +   a - +0 rapier
rCold   . . .      Faith    .   c - +0 buckler
rNeg    . . .      Spirit   .   b - +0 robe
rPois   .          Reflect  .   (helmet restricted)
rElec   .          Harm     .   (no cloak)
rCorr   .          Rampage  .   (gloves unavailable)
Will    .....                   (boots unavailable)
Stlth   +.........              (no amulet)
HPRegen 0.03/turn               (no ring)
MPRegen 0.08/turn               (no ring)

@: very quick
A: very small, no large weapons, unfitting armour, see invisible, speed 3
a: no special abilities


You were on level 1 of the Dungeon.
You visited 1 branch of the dungeon, and saw 1 of its levels.

Inventory:

Hand Weapons
 a - a +0 rapier (weapon)
Armour
 b - a +0 robe (worn)
 c - a +0 buckler (worn)
Scrolls
 e - a scroll of brand weapon {unknown}
Potions
 d - a potion of might


   Skills:
 + Level 2.5 Fighting
 + Level 2.3 Short Blades
 + Level 4.1 Dodging
 + Level 2.2 Shields


You couldn't memorise any spells.
You didn't know any spells.
Your spell library was empty.

Dungeon Overview and Level Annotations

Branches:
Dungeon (1/15)

Altars:


Innate Abilities, Weirdness & Mutations

You are very small and have problems with some larger weapons.
You are too small for most types of armour.
You have supernaturally acute eyesight. (SInv)
You cover ground extremely quickly. (Speed+++)


Message History

You block the quokka's attack.
A quokka is nearby!
You closely miss the quokka. The quokka barely misses you.
A quokka is nearby!
You barely miss the quokka.
The quokka bites you but does no damage.
A quokka is nearby!
You hit the quokka.
The quokka is moderately wounded.
The quokka closely misses you. The quokka bites you.
A quokka is nearby!
You hit the quokka.
The quokka is severely wounded.
The quokka barely misses you.
You hit the quokka but do no damage.
The quokka is heavily wounded.
The quokka bites you.
A quokka is nearby!
You are too injured to fight recklessly!
A quokka is nearby!
You are too injured to fight recklessly!
A quokka is nearby!
You are too injured to fight recklessly!
A quokka is nearby!
You are too injured to fight recklessly!
You closely miss the quokka.
The quokka is heavily wounded.
The quokka barely misses you.
You hit the quokka but do no damage.
The quokka is heavily wounded.
The quokka bites you. The quokka completely misses you.
You hit the quokka.
You kill the quokka!
A quokka comes into view.
You are too injured to fight recklessly!
You are too injured to fight recklessly!
A hobgoblin comes into view.
You block the quokka's attack.
You closely miss the quokka. The quokka bites you.
You die...

#.#.# #.#
#.#.########.#
#............#
#####..[########.#
#?......# #.#
#.###.#.#
#.####### #.#.#
#........ #.#.#
####.##.#### #gr@#
.........###
#.....#
####......##
#.##### ###......
#. ##..... #(
......### #
####..# # #..#
#..# #..#


You could see a quokka and a hobgoblin.

Vanquished Creatures
  2 goblins (D:1)
  A quokka (D:1)
  A bat (D:1)
4 creatures vanquished.

Notes
Turn   | Place    | Note
-------+----------+-------------------------------------------
     0 | D:1      | KoroneIsBestGirl the Spriggan Fighter began the quest for
                  | the Orb.
     0 | D:1      | Reached XP level 1. HP: 11/11 MP: 2/2
   163 | D:1      | Slain by a quokka

Illustrated notes

Levels and vault maps discovered:
D:1:      mrwooster_arrival_statue, layout_loops_ring, basic_ecumenical_altar

Action                   || total
-------------------------++-------
Melee: Rapier            ||    18
Armor: Robe              ||     1
Dodge: Dodged            ||    12
Block: Buckler           ||     4

Table legend: (Time is in decaauts)
 A = Elapsed time spent in this place.
 B = Non-inter-level travel time spent in this place.
 C = Inter-level travel time spent in this place.
 D = Time resting spent in this place.
 E = Time spent auto-exploring this place.
 F = Levels seen in this place.
 G = Mean time per level.
                   A        B        C        D        E       F      G
               +--------+--------+--------+--------+--------+-----+--------+
         Total |    107 |    107 |      0 |      0 |     72 |   1 |  107.0 |
       Dungeon |    107 |    107 |      0 |      0 |     72 |   1 |  107.0 |
               +--------+--------+--------+--------+--------+-----+--------+

Top non-repeatable levels by time:
     D:1: 107 daAuts
